 Dungeon Crawl Stone Soup version 0.20.1-1-g8b1a95d (webtiles) character file.

737 equalderp2856 the Chopper (level 7, 0/93 HPs)
             Began as a Minotaur Fighter on Oct 21, 2017.
             Succumbed to a killer bee's poison
             ... on level 5 of the Dungeon.
             The game lasted 00:03:05 (2463 turns).

equalderp2856 the Chopper (Minotaur Fighter)        Turns: 2463, Time: 00:03:06

Health: 0/93       AC: 12    Str: 25    XL:     7   Next: 46%
Magic:  6/6        EV:  5    Int:  5    God:
Gold:   193        SH: 11    Dex: 12    Spells: 6/6 levels left

rFire    . . .     SeeInvis .   a - +0 war axe
rCold    . . .     Gourm    .   c - +0 shield
rNeg     . . .     Faith    .   h - +0 plate armour
rPois    .         Spirit   .   (helmet restricted)
rElec    .         Reflect  .   (no cloak)
rCorr    .         Harm     .   (no gloves)
MR       .....                  (no boots)
Stlth    ..........             (no amulet)
Regen    0.3/turn               (no ring)
MPRegen  0.1/turn               (no ring)

@: berserking, lethally poisoned (0 -> -5), very quick
A: retaliatory headbutt, horns 2
a: no special abilities


You were on level 5 of the Dungeon.
You were near starving.

You visited 1 branch of the dungeon, and saw 5 of its levels.

You collected 193 gold pieces.

Inventory:

Hand Weapons
 a - a +0 war axe (weapon)
 B - a +0 trident
Armour
 b - a +0 scale mail
 c - a +0 shield (worn)
 h - a +0 plate armour (worn)
Jewellery
 e - an uncursed ring of protection from cold {unknown}
 n - an uncursed ring of wizardry {unknown}
 s - an uncursed ring of fire {unknown}
 x - a +4 ring of protection {unknown}
Wands
 C - a wand of clouds (3/9)
Scrolls
 i - 4 scrolls of remove curse {unknown}
 m - 9 scrolls of identify {unknown}
 o - a scroll of teleportation {unknown}
 q - a scroll of blinking {unknown}
 v - a scroll of enchant armour {unknown}
 w - a scroll of fog {unknown}
 y - 2 scrolls of magic mapping {unknown}
Potions
 d - 2 potions of might
 k - a potion of berserk rage
 l - 2 potions of flight {unknown}
 p - a potion of resistance {unknown}
 r - 2 potions of heal wounds {unknown}
 u - a potion of curing {unknown}
 z - a potion of lignification {unknown}
 A - a potion of magic {unknown}
 D - a potion of haste {unknown}
Comestibles
 f - 3 bread rations
 g - 2 meat rations
 j - 6 fruits
 t - 2 royal jellies


   Skills:
 + Level 5.7 Fighting
 + Level 6.4 Axes
 + Level 5.7 Armour
 + Level 6.0 Shields


You had 6 spell levels left.
You didn't know any spells.

Dungeon Overview and Level Annotations

Branches:
Dungeon (5/15)
 Temple: D:4-7

Altars:
Dithmenos

Annotations:
D:4 vineage's ghost, amateur DsFE


Innate Abilities, Weirdness & Mutations

You reflexively headbutt those who attack you in melee.
You have a pair of horns on your head.


Message History

You feel sick. You block the killer bee's attack.
The killer bee stings you but does no damage.
You slash the killer bee!
The killer bee is almost dead.
* * * LOW HITPOINT WARNING * * *
You feel sick.
The killer bee stings you but does no damage.
You block the killer bee's attack. The killer bee stings you.
* * * LOW HITPOINT WARNING * * *
An adder skeleton comes into view.
It was a potion of berserk rage.
A red film seems to cover your vision as you go berserk!
You feel yourself moving faster!
You feel mighty!
* * * LOW HITPOINT WARNING * * *
You feel sick.
The killer bee stings you but does no damage.
You block the killer bee's attack.
Your shield and plate armour prevent you from hitting the killer bee.
The killer bee is almost dead.
You die...

..... ...... ....
....... ... .......
...###.$.?..# .
#'#.........# ...
#.#.........#
.....##.#......##.#
.....wy@'......'..#
.....##.#......##.
##+ #.#......#
#.#......# ##
##.#...Z..+ .
....'......# .#####
###.#......##......
#.#.............. #
#####'.'########


You could see a killer bee, a dart slug and an adder skeleton.

Vanquished Creatures
  The ghost of CalmDownMonkey the Poker, a novice MfSk of Yredelemnul (D:5)
  Eustachio (D:4)
  Blork the orc (D:4)
  An orc priest (D:4)
  2 iguanas (D:4)
  3 gnolls (D:5)
  4 adders
  A worm (D:2)
  3 dart slugs (D:1)
  6 leopard geckos
  9 orcs
  4 bats
  9 goblins
  13 hobgoblins
  3 jackals (D:1)
  9 kobolds
  5 frilled lizards
  A leopard gecko skeleton (D:3)
  7 rats
83 creatures vanquished.

Notes
Turn   | Place    | Note
-------+----------+-------------------------------------------
     0 | D:1      | equalderp2856 the Minotaur Fighter began the quest for the Orb.
     0 | D:1      | Reached XP level 1. HP: 19/19 MP: 0/0
    41 | D:1      | Reached XP level 2. HP: 21/27 MP: 1/1
   333 | D:1      | Reached XP level 3. HP: 33/33 MP: 2/2
  1014 | D:3      | Found a faded altar of an unknown god.
  1208 | D:3      | Reached XP level 4. HP: 40/40 MP: 3/3
  1444 | D:3      | Found a shadowy altar of Dithmenos.
  1869 | D:4      | Reached XP level 5. HP: 43/47 MP: 4/4
  1901 | D:4      | Reached skill level 5 in Shields
  1952 | D:4      | Noticed Eustachio
  1963 | D:4      | Killed Eustachio
  1963 | D:4      | Reached skill level 5 in Fighting
  1963 | D:4      | Reached XP level 6. HP: 56/56 MP: 5/5
  2008 | D:4      | Noticed Blork the orc
  2010 | D:4      | Noticed vineage's ghost (amateur DsFE)
  2022 | D:4      | Killed Blork the orc
  2022 | D:4      | Reached skill level 5 in Axes
  2028 | D:5      | Entered Level 5 of the Dungeon
  2194 | D:5      | Reached skill level 5 in Armour
  2399 | D:5      | Noticed CalmDownMonkey's ghost (novice MfSk)
  2453 | D:5      | Killed CalmDownMonkey's ghost
  2453 | D:5      | Reached XP level 7. HP: 36/62 MP: 6/6
  2461 | D:5      | HP: 3/62 [poisoned by a killer bee]
  2461 | D:5      | HP: 1/62 [killer bee (2)]
  2463 | D:5      | Succumbed to a killer bee's poison

Skill      XL: |  1  2  3  4  5  6 |
---------------+-------------------+-----
Armour         | 4 5 |  5.7
Shields        | 4 5 6 |  6.0
Fighting       | 4 5 |  5.7
Axes           | 3 4 6 |  6.4

Action                   |  1- 3 |  4- 6 |  7- 9 || total
-------------------------+-------+-------+-------++-------
Melee: War axe           |   126 |   154 |     9 ||   289
       Headbutt          |     8 |    19 |     1 ||    28
  Use: Potion            |       |       |     1 ||     1
  Eat: Chunk             |       |     3 |       ||     3
       Fruit             |       |     1 |       ||     1
Armor: Scale mail        |     7 |       |       ||     7
       Plate armour      |    69 |    84 |     5 ||   158
Dodge: Dodged            |    14 |    17 |     1 ||    32
Block: Shield            |    72 |    78 |    10 ||   160
